 Dungeon Crawl Stone Soup version 0.30-a0-347-gf58ed5266c (webtiles) character file.

Game seed: 15152139310626029860

1139 hikkokomori the Ruffian (level 8, 0/78 HPs)
             Began as a Troll Transmuter on Nov 7, 2022.
             Slain by a killer bee (8 damage)
             ... on level 5 of the Dungeon.
             The game lasted 00:08:04 (4522 turns).

hikkokomori the Ruffian (Troll Transmuter)          Turns: 4522, Time: 00:08:04

Health: 0/78       AC:  5    Str: 19    XL:     8   Next: 14%
Magic:  9/11       EV:  9    Int: 11    God:
Gold:   104        SH:  0    Dex: 10    Spells: 7/13 levels left

rFire   + . .      SeeInvis .      - Unarmed
rCold   . . .      Faith    .    (no shield)
rNeg    . . .      Spirit   .    a - +0 robe
rPois   .          Reflect  .    (helmet currently unavailable)
rElec   .          Harm     .    n - +0 cloak
rCorr   .          Rampage  .    (gloves unavailable)
Will    +....                    (boots unavailable)
Stlth   +.........               (no amulet)
HPRegen 1.13/turn                i - ring of willpower
MPRegen 0.12/turn                v - ring of protection from fire

@: appendages (expiring), wereblooded (expiring)
A: horns 2, talons 2, large, unfitting armour, claws 3, regeneration 1, shaggy
fur 1, tough skin 1
a: End Transformation


You were on level 5 of the Dungeon.
You had temporarily grown beastly horns and talons.
You visited 1 branch of the dungeon, and saw 5 of its levels.

You collected 262 gold pieces.
You spent 158 gold pieces at shops.

Inventory:

Missiles
 r - a throwing net
Armour
 a - a +0 robe (worn)
 n - a +0 cloak (worn)
Jewellery
 i - a ring of willpower (left claw)
 v - a ring of protection from fire (right claw)
Wands
 s - a wand of roots (8)
Scrolls
 d - 2 scrolls of magic mapping {unknown}
 h - 2 scrolls of teleportation {unknown}
 j - a scroll of immolation {unknown}
 m - a scroll of butterflies {unknown}
 o - a scroll of vulnerability {unknown}
 q - 2 scrolls of noise {unknown}
 u - 2 scrolls of identify
 w - a scroll of amnesia {unknown}
 x - a scroll of blinking
 y - a scroll of enchant weapon {unknown}
 A - a scroll of enchant armour {unknown}
Potions
 b - a potion of lignification
 c - a potion of might
 e - a potion of berserk rage {unknown}
 f - 4 potions of curing
 g - a potion of brilliance
 k - 3 potions of cancellation
 l - a potion of attraction
 p - 2 potions of degeneration {unknown}
 t - 2 potions of heal wounds {unknown}
 z - a potion of ambrosia {unknown}


   Skills:
 + Level 3.9 Fighting
 - Level 1.5 Dodging
 + Level 5.7 Unarmed Combat
 + Level 3.2 Spellcasting
 + Level 3.8 Transmutations


You had 7 spell levels left.
You knew the following spells:

 Your Spells              Type           Power      Damage    Failure   Level
a - Beastly Appendage     Tmut           20%        N/A       5%          1
b - Spider Form           Tmut/Pois      6%         N/A       34%         3
c - Wereblood             Tmut           10%        N/A       8%          2

Your spell library contained the following spells:

 Spells                   Type           Power      Damage    Failure   Level
 Gell's Gravitas          Tloc           1%         N/A       61%         3
 Lesser Beckoning         Tloc           2%         N/A       61%         3
 Ozocubu's Armour         Ice            1%         N/A       61%         3
 Teleport Other           Tloc           1%         N/A       61%         3
 Ice Form                 Ice/Tmut       6%         N/A       75%         4
 Ozocubu's Refrigeration  Ice            0%         4d7       100%        7


Dungeon Overview and Level Annotations

Branches:
Dungeon (5/15)
 Temple: D:4-7

Altars:
Makhleb

Shops:
D:3 [   D:5 *


Innate Abilities, Weirdness & Mutations

You have temporarily grown beastly horns and talons.
You are too large for most types of armour.
You have claws for hands.
Your natural rate of healing is unusually fast.
You are covered in fur. (AC +1)
You have tough skin. (AC +1)


Message History

The killer bee stings you.
* * * LOW HITPOINT WARNING * * *
The killer bee stings you but does no damage. x2
The killer bee stings you.
* * * LOW HITPOINT WARNING * * *
You feel better.
Your primal bloodlust is almost over.
The killer bee stings you.
* * * LOW HITPOINT WARNING * * *
You are poisoned.
The killer bee poisons you! The killer bee closely misses you. x2
The killer bee stings you but does no damage.
You feel better.
Your transformation is almost over.
The killer bee barely misses you.
The killer bee stings you but does no damage. x2
The killer bee stings you!
* * * LOW HITPOINT WARNING * * *
You are poisoned.
The killer bee poisons you!
You mangle the killer bee!!
You feel a bit better.
You kill the killer bee!
You feel sick.
The killer bee stings you but does no damage.
The killer bee stings you.
* * * LOW HITPOINT WARNING * * *
You are more poisoned.
The killer bee poisons you!
You closely miss the killer bee. Your kick misses the killer bee.
Your headbutt misses the killer bee.
You feel sick. The killer bee stings you!
* * * LOW HITPOINT WARNING * * *
Unknown command.
You feel better.
The killer bee stings you but does no damage.
The killer bee stings you.
* * * LOW HITPOINT WARNING * * *
You claw the killer bee! Your kick misses the killer bee.
The killer bee is heavily wounded.
The killer bee stings you!
You die...

#..............#
#..............#
#..............#
#..............#
#..............#
#.....##########
#.....# #######
#.....# ......##
#...†@# .......#
#...†y# .......#
#.....# .......#
#............
########
#............
.......#
#............
.......#
#..........yy
.......#
#............
.......#
#............


You could see a killer bee.

Vanquished Creatures
  Grinder (D:4)
  Menkaure (D:5)
  A black bear (D:4)
  An ogre (D:5)
  A necrophage (D:5)
  A gnoll sergeant (D:5)
  4 killer bees (D:5)
  A hound (D:4)
  An orc priest (D:4)
  2 iguanas
  An orc wizard (D:4)
  4 gnolls (D:5)
  14 adders
  A white imp (D:5)
  An ufetubus (D:4)
  2 worms (D:2)
  4 dart slugs
  10 orcs
  5 ball pythons
  5 endoplasms
  3 giant cockroaches
  9 goblins
  3 hobgoblins
  8 jackals (D:2)
  A quokka (D:5)
  7 bats
  6 frilled lizards
  6 kobolds
  6 rats
110 creatures vanquished.

Notes
Turn   | Place    | Note
-------+----------+-------------------------------------------
     0 | D:1      | hikkokomori the Troll Transmuter began the quest for the
                  | Orb.
     0 | D:1      | Reached XP level 1. HP: 18/18 MP: 1/1
   319 | D:1      | Reached skill level 1 in Fighting
   403 | D:1      | Reached XP level 2. HP: 27/27 MP: 3/3
  1059 | D:2      | Reached XP level 3. HP: 33/33 MP: 2/4
  1467 | D:2      | Reached XP level 4. HP: 40/41 MP: 2/5
  1530 | D:2      | Found a faded altar of an unknown god.
  1792 | D:2      | Found a burning altar of Makhleb.
  2161 | D:3      | Reached XP level 5. HP: 49/49 MP: 4/6
  2522 | D:3      | Found Rammir's Armour Boutique.
  2531 | D:3      | Bought a +0 cloak for 54 gold pieces
  3124 | D:4      | Reached skill level 4 in Unarmed Combat
  3166 | D:4      | Noticed a black bear
  3176 | D:4      | Killed a black bear
  3178 | D:4      | Reached XP level 6. HP: 10/59 MP: 8/8
  3400 | D:4      | Noticed Grinder
  3408 | D:4      | Paralysed by Grinder for 3 turns
  3412 | D:4      | Killed Grinder
  3413 | D:4      | Reached XP level 7. HP: 52/67 MP: 9/9
  3684 | D:5      | Entered Level 5 of the Dungeon
  3690 | D:5      | Reached skill level 5 in Unarmed Combat
  3694 | D:5      | Learned a level 3 spell: Spider Form
  3697 | D:5      | Learned a level 2 spell: Wereblood
  3777 | D:5      | Found Ameguitee's General Store.
  3780 | D:5      | Bought a scroll of identify for 22 gold pieces
  3780 | D:5      | Bought a scroll of blinking for 82 gold pieces
  3987 | D:5      | Identified the +1 leather armour of Terror {Will- Regen+
                  | Int+8 Stlth+}
  4271 | D:5      | Noticed Menkaure
  4281 | D:5      | Killed Menkaure
  4499 | D:5      | Reached XP level 8. HP: 78/78 MP: 7/11
  4520 | D:5      | HP: 2/78 [killer bee (7)]
  4522 | D:5      | Slain by a killer bee

Illustrated notes

Levels and vault maps discovered:
D:1:      elethiomel_arrival_shortcut, layout_basic, serial_aquarium,
          aquarium_bridge_square [aquarium_subvault_wall,
          aquarium_subvault_bridge, aquarium_subvault_wall,
          aquarium_subvault_bridge], aquarium_window_1, aquarium_window_fake,
          aquarium_view_2d, aquarium_view_2c, aquarium_balcony_3b,
          corexii_item_surrounded_by_moat
D:2:      layout_loops_ring, shapermc_ecumenical_altar_totnotflames, basic_altar
D:3:      layout_loops_ring, serial_shops, shop, st_stairs_11,
          minmay_misc_feat_alley
D:4:      layout_gridville, uniq_grinder
D:5:      layout_gridville, serial_shops, kennysheep_mini_moat, uniq_menkaure

Skill      XL: |  1  2  3  4  5  6  7 |
---------------+----------------------+-----
Fighting       | 1 2 3 |  3.9
Transmutations | 2 3 |  3.8
Spellcasting   | 2 3 |  3.2
Unarmed Combat | 4 5 |  5.7
Dodging        | |  1.5

Action                   |  1- 3 |  4- 6 |  7- 9 || total
-------------------------+-------+-------+-------++-------
Melee: Unarmed           |    82 |   123 |    70 ||   275
       Kick              |     8 |    16 |     4 ||    28
       Headbutt          |     2 |    11 |     4 ||    17
       Punch             |       |       |     1 ||     1
 Cast: Beastly Appendage |    31 |    23 |    10 ||    64
       Wereblood         |       |       |     4 ||     4
       Spider Form       |       |       |     2 ||     2
  Use: Scroll            |       |     5 |       ||     5
       Potion            |       |       |     4 ||     4
 Stab: Sleeping          |     1 |       |       ||     1
Armor: Robe              |    35 |    46 |    30 ||   111
Dodge: Dodged            |    40 |    69 |    54 ||   163

Table legend: (Time is in decaauts)
 A = Elapsed time spent in this place.
 B = Non-inter-level travel time spent in this place.
 C = Inter-level travel time spent in this place.
 D = Time resting spent in this place.
 E = Time spent auto-exploring this place.
 F = Levels seen in this place.
 G = Mean time per level.
                   A        B        C        D        E       F      G
               +--------+--------+--------+--------+--------+-----+--------+
         Total |   4499 |   4417 |     82 |     64 |   3634 |   5 |  899.8 |
       Dungeon |   4499 |   4417 |     82 |     64 |   3634 |   5 |  899.8 |
               +--------+--------+--------+--------+--------+-----+--------+

Top non-repeatable levels by time:
     D:2: 1047 daAuts
     D:1: 1021 daAuts
     D:5: 831 daAuts
     D:3: 799 daAuts
     D:4: 799 daAuts
